 Dungeon Crawl Stone Soup version 0.21.1-1-g345015fe64 (webtiles) character file.

10088 Jerry the Grappler (level 11, -3/109 HPs)
             Began as a Troll Monk on Feb 14, 2018.
             Slain by an orc
             ... wielding a +0 falchion
              (8 damage)
             ... while paralysed by a hornet
             ... on level 11 of the Dungeon.
             The game lasted 00:39:39 (10787 turns).

Jerry the Grappler (Troll Monk)                    Turns: 10787, Time: 00:39:39

Health: -3/109     AC: 11    Str: 21    XL:     11   Next: 31%
Magic:  10/10      EV:  1    Int:  8    God:
Gold:   583        SH:  0    Dex: 13    Spells: 10/10 levels left

rFire    + . .     SeeInvis .     - Unarmed
rCold    + + .     Gourm    +   (no shield)
rNeg     . . .     Faith    .   E - +2 robe {rC+}
rPois    .         Spirit   .   (helmet restricted)
rElec    .         Reflect  .   D - scarf {rC+ rF+}
rCorr    .         Harm     .   (gloves unavailable)
MR       .....                  (boots unavailable)
Stlth    +++.......             (no amulet)
HPRegen  0.68/turn              q - -5 ring of evasion (curse)
MPRegen  0.12/turn              v - +4 ring of protection

@: paralysed, lethally poisoned (-3 -> -15), slowed
A: large, unfitting armour, claws 3, fast metabolism 3, gourmand, regeneration
1, shaggy fur 1, tough skin 2
a: no special abilities


You were on level 11 of the Dungeon.
You were completely stuffed.

You visited 2 branches of the dungeon, and saw 12 of its levels.

You collected 583 gold pieces.

Inventory:

Hand Weapons
 i - a +0 mace of protection
 j - a +1 dagger of protection
 G - the +5 war axe of Xuen Sum {holy, rElec rC- MR+ MP+9}
   (You found it on level 6 of the Dungeon)

   It has been blessed by the Shining One to cause great damage to the undead
   and demons.
   It makes you vulnerable to cold.
   It insulates you from electricity.
   It affects your resistance to hostile enchantments.
   It affects your magic capacity (+9).
 J - the +6 flail of the Battered Dances {holy, Int+4 Dex-4}
   (You found it on level 7 of the Dungeon)

   It has been blessed by the Shining One to cause great damage to the undead
   and demons.
   It affects your intelligence (+4).
   It affects your dexterity (-4).
 K - the +8 rapier of Moag {pierce, *Noise MR+ Int+3 Dex+4}
   (You found it on level 9 of the Dungeon)

   It inflicts extra damage upon your enemies.
   It affects your intelligence (+3).
   It affects your dexterity (+4).
   It affects your resistance to hostile enchantments.
   It may make noises in combat.
Armour
 D - a scarf of resistance (worn)
 E - a +2 robe of cold resistance (worn)
Jewellery
 a - an uncursed ring of protection from cold {unknown}
 e - an uncursed ring of flight
 g - an uncursed ring of resist corrosion
 k - an uncursed ring of protection from magic
 q - a cursed -5 ring of evasion (left claw)
 v - a +4 ring of protection (right claw)
 O - the ring of Okiclergh {rF- rC+ Str+6 Int+2}
   (You found it on level 8 of the Dungeon)

   [ring of protection from cold]

   It affects your strength (+6).
   It affects your intelligence (+2).
   It makes you vulnerable to fire.
   It protects you from cold.
Wands
 d - a wand of acid (6)
 u - a wand of flame (14)
 w - a wand of paralysis (19)
 y - a wand of random effects (18)
 I - a wand of iceblast (19)
 L - a wand of enslavement (12)
Scrolls
 c - a scroll of holy word
 f - 3 scrolls of teleportation
 r - a scroll of fog
 F - a scroll of amnesia
Potions
 l - a potion of might {unknown}
 m - a potion of flight
 n - a potion of berserk rage
 o - a potion of brilliance {unknown}
 p - 6 potions of curing {unknown}
 s - 3 potions of agility {unknown}
 t - 2 potions of resistance {unknown}
 x - 2 potions of haste {unknown}
 z - a potion of magic {unknown}
 A - a potion of mutation {unknown}
 C - a potion of ambrosia {unknown}
 H - a potion of cancellation {unknown}
Books
 B - Sif Muna's Papyrus of Confrontation
   (You found it on level 4 of the Dungeon)

   Spells                             Type                      Level
   a - Shock                          Conjuration/Air              1
 M - a book of Debilitation

   Spells                             Type                      Level
   a - Corona                         Hexes                        1
   b - Slow                           Hexes                        2
   c - Inner Flame                    Hexes/Fire                   3
   d - Portal Projectile              Hexes/Translocation          3
   e - Cause Fear                     Hexes                        4
   f - Leda's Liquefaction            Hexes/Earth                  4
 N - a book of Geomancy

   Spells                             Type                      Level
   a - Sandblast                      Earth                        1
   b - Passwall                       Transmutation/Earth          2
   c - Stone Arrow                    Conjuration/Earth            3
   d - Petrify                        Transmutation/Earth          4
   e - Lee's Rapid Deconstruction     Earth                        5
Comestibles
 b - 25 rations
 h - a chunk of flesh


   Skills:
 + Level 7.1 Fighting
 + Level 7.2 Dodging
 + Level 5.1 Stealth
 * Level 11.6 Unarmed Combat


You had 10 spell levels left.
You didn't know any spells.

Dungeon Overview and Level Annotations

Branches:
Dungeon (11/15)            Temple (1/1) D:7             Orc (0/2) D:10
   Lair: D:8-11

Altars:
Ashenzari
Cheibriados
Dithmenos
Elyvilon
Fedhas
Gozag
Hepliaklqana
Kikubaaqudgha
Makhleb
Nemelex Xobeh
Okawaru
Qazlal
Ru
Sif Muna
Trog
Uskayaw
Vehumet
Wu Jian
Xom
Yredelemnul
Zin
The Shining One

Shops:
D:7 *

Portals:
Trove: D:10 (give 6 scrolls of blinking)

Annotations:
D:10 Felkjern's ghost, journeyman TrMo


Innate Abilities, Weirdness & Mutations

You are too large for most types of armour.
You have claws for hands.
Your metabolism is lightning-fast.
You like to eat raw meat.
Your natural rate of healing is unusually fast.
You are covered in fur. (AC +1)
You have very tough skin. (AC +2)


Message History

The hornet is almost dead.
You feel very sick.
The hornet stings you but does no damage.
The orc barely misses you.
The hornet stings you but does no damage.
You miss the hornet. Your claw misses the hornet.
The hornet is almost dead.
You feel very sick. The hornet barely misses you.
The orc hits you with a falchion.
* * * LOW HITPOINT WARNING * * *
The hornet completely misses you.
You closely miss the hornet.
The hornet is almost dead.
You feel very sick. The orc hits you but does no damage.
The hornet stings you but does no damage.
The hornet stings you!
* * * LOW HITPOINT WARNING * * *
You suddenly lose the ability to move!
The orc hits you with a falchion!
You die...

#<...#
######.#
#)[)).(#
#.######
#(#### #.#..
####.#.#
#....#'#####
#..!.@.....#
#....oy....#
#..........#
##.........#
#$........#
#.........#
#.........#
#.........#


You could see a hornet and an orc.

Vanquished Creatures
  Erica (D:8)
  A two-headed ogre (D:9)
  The ghost of Tilo the Fighter, a novice HOFi of Okawaru (D:8)
  A gargoyle (D:10)
  2 hippogriffs (D:9)
  A wraith (D:11)
  4 yaks (D:9)
  2 hungry ghosts
  Duvessa (D:6)
  A water moccasin (D:7)
  9 orc warriors
  2 ice beasts
  A sky beast (D:10)
  10 ogres
  4 phantoms
  A crocodile (D:9)
  3 centaurs (D:10)
  2 big kobolds
  6 bullfrogs
  Dowan (D:6)
  A scorpion (D:3)
  The ghost of tensugalgo the Sneak, a weakling NaAs (D:3)
  3 wights (D:8)
  6 killer bees (D:9)
  2 howler monkeys
  8 crimson imps
  2 bullfrog zombies
  2 jellies (D:9)
  4 orc priests
  18 orc wizards
  5 hounds
  A quasit (D:10)
  A bullfrog skeleton (D:9)
  2 centaur skeletons
  A gnoll shaman (D:6)
  4 iguanas
  12 worker ants
  2 hound zombies
  2 hound skeletons
  43 gnolls
  6 adders
  An ooze (D:2)
  5 worms
  4 dart slugs
  A leopard gecko (D:7)
  47 orcs
  7 bats
  6 giant cockroaches
  10 goblins
  5 hobgoblins
  21 jackals
  6 quokkas
  2 ball pythons
  6 frilled lizards
  A jackal skeleton (D:5)
  12 kobolds
  A quokka skeleton (D:5)
  6 rats
321 creatures vanquished.

Notes
Turn   | Place    | Note
-------+----------+-------------------------------------------
     0 | D:1      | Jerry the Troll Monk began the quest for the Orb.
     0 | D:1      | Reached XP level 1. HP: 22/22 MP: 0/0
   333 | D:1      | Reached XP level 2. HP: 29/29 MP: 1/1
   804 | D:2      | Reached XP level 3. HP: 36/36 MP: 2/2
  1116 | D:2      | Reached XP level 4. HP: 35/44 MP: 3/3
  1331 | D:2      | Found a blossoming altar of Fedhas.
  1382 | D:3      | Noticed tensugalgo's ghost (weakling NaAs)
  1393 | D:3      | Killed tensugalgo's ghost
  1393 | D:3      | Reached skill level 4 in Unarmed Combat
  1527 | D:3      | Found an iron altar of Okawaru.
  1924 | D:3      | Reached XP level 5. HP: 41/53 MP: 4/4
  2334 | D:4      | Noticed an ogre
  2343 | D:4      | Killed an ogre
  2343 | D:4      | Reached XP level 6. HP: 34/61 MP: 5/5
  2406 | D:4      | Reached skill level 5 in Unarmed Combat
  2533 | D:4      | Found a deep blue altar of Sif Muna.
  2773 | D:5      | Entered Level 5 of the Dungeon
  2874 | D:5      | Reached XP level 7. HP: 67/67 MP: 6/6
  3098 | D:5      | Reached skill level 6 in Unarmed Combat
  3784 | D:4      | Identified Sif Muna's Papyrus of Confrontation
  3857 | D:6      | Reached XP level 8. HP: 73/78 MP: 7/7
  4035 | D:6      | Noticed Dowan
  4037 | D:6      | Noticed Duvessa
  4059 | D:6      | Killed Duvessa
  4063 | D:6      | Killed Dowan
  4063 | D:6      | Reached skill level 7 in Unarmed Combat
  4800 | D:6      | Got a bloodstained war axe
  4992 | D:6      | Found a hazy altar of Hepliaklqana.
  5486 | D:6      | Reached skill level 8 in Unarmed Combat
  5550 | D:6      | Reached XP level 9. HP: 59/87 MP: 8/8
  5554 | D:6      | Reached skill level 5 in Dodging
  5562 | D:6      | Reached skill level 5 in Fighting
  6224 | D:7      | Found a staircase to the Ecumenical Temple.
  6242 | Temple   | Entered the Ecumenical Temple
  6621 | D:7      | Reached skill level 9 in Unarmed Combat
  6795 | D:7      | Found Zin's Purification Station.
  6796 | D:7      | Found a glowing silver altar of Zin.
  6883 | D:7      | Got a steaming flail
  7332 | D:8      | Got a heavily runed ivory ring
  7353 | D:8      | Identified the ring of Okiclergh {rF- rC+ Str+6 Int+2} (You found it on level 8 of the Dungeon)
  7428 | D:8      | Noticed Tilo's ghost (novice HOFi)
  7475 | D:8      | Killed Tilo's ghost
  7475 | D:8      | Reached XP level 10. HP: 42/98 MP: 9/9
  7715 | D:8      | Reached skill level 10 in Unarmed Combat
  7866 | D:9      | Noticed Erica
  7913 | D:8      | Killed Erica
  8203 | D:9      | Noticed a two-headed ogre
  8209 | D:9      | Killed a two-headed ogre
  8693 | D:9      | Found a deep blue altar of Sif Muna.
  8716 | D:9      | Reached skill level 11 in Unarmed Combat
  8809 | D:9      | Found a burning altar of Makhleb.
  8810 | D:9      | Found a bloodstained altar of Trog.
  8903 | D:9      | Got a slimy rapier
  9004 | D:9      | Reached XP level 11. HP: 101/107 MP: 10/10
  9397 | D:9      | Identified the +8 rapier of Moag {pierce, *Noise MR+ Int+3 Dex+4} (You found it on level 9 of the Dungeon)
  9398 | D:9      | Identified the +6 flail of the Battered Dances {holy, Int+4 Dex-4} (You found it on level 7 of the Dungeon)
  9422 | D:10     | Entered Level 10 of the Dungeon
  9422 | D:10     | Noticed Felkjern's ghost (journeyman TrMo)
  9764 | D:10     | Found a staircase to the Orcish Mines.
  9766 | D:10     | Reached skill level 5 in Stealth
  9828 | D:10     | Found a portal to a secret trove of treasure.
 10013 | D:10     | Identified the +5 war axe of Xuen Sum {holy, rElec rC- MR+ MP+9} (You found it on level 6 of the Dungeon)
 10780 | D:11     | Paralysed by a hornet for 3 turns
 10787 | D:11     | HP: 5/109 [hornet (11)]
 10787 | D:11     | Paralysed by a hornet for 1 turns
 10787 | D:11     | Slain by an orc

Skill      XL: |  1  2  3  4  5  6  7  8  9 10 11 |
---------------+----------------------------------+-----
Fighting       | 3 4 6 7 |  7.1
Unarmed Combat | 4 5 6 8 9 11 | 11.6
Dodging        | 3 4 6 7 |  7.2
Stealth        | 2 3 4 5 |  5.1

Action                   |  1- 3 |  4- 6 |  7- 9 | 10-12 || total
-------------------------+-------+-------+-------+-------++-------
Melee: Unarmed           |   108 |    85 |   471 |   355 ||  1019
       Punch             |     1 |     3 |    18 |    22 ||    44
 Abil: Evoke Flight      |       |       |     1 |       ||     1
Evoke: Wand              |       |       |     4 |     1 ||     5
  Use: Scroll            |       |     7 |     7 |     5 ||    19
       Potion            |       |       |       |     6 ||     6
 Stab: Sleeping          |     3 |     7 |     3 |     6 ||    19
       Distracted        |       |       |     1 |       ||     1
  Eat: Chunk             |    16 |    12 |    55 |    39 ||   122
Armor: Robe              |    42 |    17 |   211 |   152 ||   422
Dodge: Dodged            |    59 |    28 |   131 |    97 ||   315
